Match 42039074
Unlisted

Match 42039074
End
Kradschützen Motorcycle Team
Panzergrenadier Squad
Selects Panzerjäger Kommand Battlegroup
Selects Mine Fields
Panzergrenadier Squad
Panzergrenadier Squad
Construct Light Support Kompanie
Fire Support Elements
2.5-tonne Medical Truck
Veteran Squad Leaders
Selects Defensive Positions
Flakvierling Half-track
le.IG 18 Mechanized Group
Pak 38 Anti-tank Gun Team
Combat Half-tracks
250 Light Carrier
Selects Butterfly Bomb Drop
Selects Tank Busters
Panzerjäger Squad
Panzerjäger Squad
Construct Panzerarmee Kommand
Selects Crew Shock Tactics
Armored Reserves
Rapid Advance
Tiger Heavy Tank
MysteryRanch79
777
Dreamer
德意志军团长
STALKER4732
SoyaLors
kit.ohume
Devochkin
0
0

Comments sign in to comment!

No comments posted yet!